 Dungeon Crawl Stone Soup version 0.30-a0-528-g8c47a4955b (webtiles) character file.

Game seed: 10722559753235716346

611 kae the Changer (level 7, -1/48 HPs)
             Began as a Demonspawn Transmuter on Dec 23, 2022.
             Was an Initiate of Ru.
             Slain by an ice beast (12 damage)
             ... on level 5 of the Dungeon.
             The game lasted 00:04:14 (3651 turns).

kae the Changer (Demonspawn Transmuter)             Turns: 3651, Time: 00:04:15

Health: -1/48      AC:  2    Str: 10    XL:     7   Next: 20%
Magic:  7/12       EV: 23    Int: 17    God:    Ru [......]
Gold:   331        SH:  0    Dex: 20    Spells: 3/13 levels left

rFire   . . .      SeeInvis .      - Unarmed
rCold   . . .      Faith    .    (shield currently unavailable)
rNeg    . . .      Spirit   .    (body armour currently unavailable)
rPois   x          Reflect  .    (helmet unavailable)
rElec   .          Harm     .    (cloak currently unavailable)
rCorr   .          Rampage  .    (gloves currently unavailable)
Will    .....                    (boots currently unavailable)
Stlth   +++                      (no amulet)
HPRegen 0.28/turn                E - +4 ring of evasion
MPRegen 0.13/turn                (no ring)

@: spider-form, wereblooded
A: venomous fangs, tiny, (antennae 3), thin skeletal structure 1, foul stench 1
a: End Transformation, Renounce Religion


You were on level 5 of the Dungeon.
You worshipped Ru.
Ru was noncommittal.
You were a venomous arachnid creature.
You visited 2 branches of the dungeon, and saw 6 of its levels.

You collected 331 gold pieces.


Innate Abilities, Weirdness & Mutations

You are a venomous arachnid creature.
You have poisonous fangs.
You are tiny and dextrous.
Your spellcasting is less reliable in this form.
Your armour is entirely melded.
You are incapable of wielding weapons or throwing items.
((You have a pair of large antennae on your head. (SInv)))
You have a somewhat thin skeletal structure. (Dex +2, Stealth+)
You may rarely emit foul miasma when damaged in melee.


   Skills:
 - Level 1.0 Fighting
 - Level 1.7 Dodging
 + Level 4.2 Unarmed Combat
 + Level 3.7 Spellcasting
 * Level 4.9 Transmutations
 * Level 1.3 Ice Magic
 - Level 2.0 Poison Magic


You had 3 spell levels left.
You knew the following spells:

 Your Spells              Type           Power      Damage    Failure   Level
a - Beastly Appendage     Tmut           38%        N/A       9%          1
b - Wereblood             Tmut           19%        N/A       11%         2
c - Spider Form           Tmut/Pois      15%        N/A       28%         3
d - Ice Form              Ice/Tmut       13%        N/A       63%         4

Your spell library contained the following spells:

 Spells                   Type           Power      Damage    Failure   Level
 Kiss of Death            Conj/Necr      12%        2d6       34%         1
 Confusing Touch          Hex            3%         N/A       65%         3
 Dazzling Flash           Conj/Hex       6%         N/A       65%         3
 Dispel Undead            Necr           3%         3d7       95%         4
 Iskenderun's Mystic Bla  Conj/Tloc      3%         2d3       95%         4
 Starburst                Conj/Fire      1%         6d3       100%        6

Inventory:

Missiles
 d - 43 stones
 g - 2 throwing nets {=f!f}
 l - 6 poisoned darts
Armour
 a - a +0 robe (melded)
Jewellery
 C - a ring of protection from cold
   (You took it off a gnoll on level 2 of the Dungeon)
 E - a +4 ring of evasion (left front leg)
   (You found it on level 1 of the Dungeon)
Wands
 o - a wand of charming (11)
   (You found it on level 4 of the Dungeon)
Scrolls
 f - 3 scrolls of immolation {!r!r}
 h - 2 scrolls of butterflies {unknown}
 i - 2 scrolls of magic mapping {!r}
 j - a scroll of teleportation {unknown}
Potions
 b - a potion of lignification {!q}
 c - 2 potions of brilliance {unknown}
 e - a potion of might {unknown}
 k - a potion of invisibility {unknown}
 m - a potion of ambrosia
 n - a potion of mutation {unknown}
 p - a potion of cancellation

Dungeon Overview and Level Annotations

Branches:
Dungeon (5/15) Zot: 26421  Temple (1/1) D:5 Zot: 5959

Altars:
Cheibriados
Dithmenos
Fedhas
Gozag
Hepliaklqana
Kikubaaqudgha
Nemelex Xobeh
Okawaru
Qazlal
Ru
Trog
Uskayaw
Wu Jian
Xom
Yredelemnul

Annotations:
D:3 exclusions: orc priest and orc wizard
D:4 1 runed translucent door, Crazy Yiuf

##.... .. ...... ...
#....## ....
#.....#####+#....
#.#+#.##..?......
#.#....'.........
#.#'#.##.........
#.'_'.##.........
#.#+####.s?......
#####.#.####.Y.......
####..........+.........
.........#.####.......#.
#>..######.# #....$..#
.........#.# #########
...........#
......##.########
...............## #.


You could see an ice beast (very poisoned).


Message History

The hound seems to slow down.
The hound bites you. 😕 HP[-8]
You take 8 damage, and now have 38/48 hp.
A hound is nearby!
You hit the hound.
The hound looks as sick as possible!
The hound is no longer moving slowly.
The hound is engulfed in dark miasma.
The hound looks as sick as possible!
The hound seems to slow down.
You kill the hound!
No target in view!
There is a hide-covered altar of Uskayaw here.
You open the door.
There is an open door here.
Your transformation is almost over.
Your transformation has ended.
Your +0 robe unmelds from your body. 😕 HP[+5] MP[+3]
You regained 5 hp, and now have 43/48 hp.
Your mp is fully restored (12).
You open the door. 2 adders come into view. 😎 HP[+5]
Your hp is fully restored (48).
There are monsters nearby!
Unknown command.
There are monsters nearby!
There are monsters nearby!
There is an open door here.
Casting: Spider Form (dangerous; 12% risk of failure)
Confirm with . or Enter, or press ? or * to list all spells.
You turn into a venomous arachnid creature.
Your +0 robe melds into your body. 😎 MP[-3]
You lost 3 mp, and now have 9/12 mp.
Casting: Spider Form (quite dangerous; 28% risk of failure)
Confirm with . or Enter, or press ? or * to list all spells.
Your blood is infused with primal strength.
The adder hisses angrily.
An ice beast comes into view. 😎 MP[-2]
You lost 2 mp, and now have 7/12 mp.
The adder closely misses you. 😎 MP[+1]
You closely miss the adder. The adder misses you. The adder closely misses you.
You closely miss the adder. The adder misses you. x3
You barely miss the adder.
Your transformation is almost over.
The adder bites you.
You emit a cloud of foul miasma!
The adder barely misses you.
The adder is engulfed in dark miasma.
The adder is poisoned.
The adder completely misses you.
You barely miss the adder. The adder misses you.
The adder is engulfed in dark miasma.
The adder looks even sicker.
The adder closely misses you. 😕 HP[-3]
You take 3 damage, and now have 45/48 hp.
You hit the adder.
The adder looks as sick as possible!
You feel a bit better.
You kill the adder!
The adder barely misses you.
You hit the adder. The adder bites you. 😕 HP[-1]
You take 1 damage, and now have 44/48 hp.
You bite the adder!
The adder is poisoned.
The adder misses you. The adder closely misses you.
You hit the adder.
You feel a bit better.
You kill the adder!
You hiss as the wereblood boils in your veins! 😕 HP[+2] MP[+1]
You regained 2 hp, and now have 46/48 hp.
The ice beast closely misses you.
You hit the ice beast.
You hiss as the wereblood boils in your veins!
The ice beast completely misses you. 😕 HP[+1]
You hit the ice beast. The ice beast completely misses you.
You barely miss the ice beast.
You hiss as the wereblood boils in your veins!
The ice beast misses you.
You hit the ice beast.
The ice beast is poisoned.
The ice beast barely misses you.
You hit the ice beast but do no damage.
Your transformation has ended.
Your +0 robe unmelds from your body.
The ice beast hits you. The ice beast freezes you! 😮 HP[-14]
You take 14 damage, and now have 33/48 hp.
MASSIVE DAMAGE!! (PAUSE)
You barely miss the ice beast. The ice beast hits you.
The ice beast freezes you!
* * * LOW HITPOINT WARNING * * *
😨 HP[-19]
You take 19 damage, and now have 14/48 hp.
MASSIVE DAMAGE!! (PAUSE)
You closely miss the ice beast. The ice beast closely misses you.
Unknown command.
Casting: Wereblood (safe; 3% risk of failure)
Confirm with . or Enter, or press ? or * to list all spells.
You turn into a venomous arachnid creature.
Your +0 robe melds into your body.
The ice beast hits you.
* * * LOW HITPOINT WARNING * * *
The ice beast freezes you!
You die...

Skill      XL: |  1  2  3  4  5  6  7 |
---------------+----------------------+-----
Transmutations | 2 3 4 |  4.9
Unarmed Combat | 3 4 |  4.2
Spellcasting   | 3 |  3.7
Poison Magic   | 1 2 |  2.0
Ice Magic      | 1 |  1.3
Fighting       | |  1.0
Dodging        | |  1.7

Action                   |  1- 3 |  4- 6 |  7- 9 || total
-------------------------+-------+-------+-------++-------
Melee: Unarmed           |    77 |   159 |    29 ||   265
       Kick              |    15 |    13 |       ||    28
       Headbutt          |     4 |     6 |       ||    10
       Punch             |     2 |     1 |       ||     3
 Cast: Beastly Appendage |    17 |    10 |       ||    27
       Spider Form       |     4 |    18 |     5 ||    27
       Wereblood         |       |       |     1 ||     1
  Use: Scroll            |     2 |     5 |       ||     7
       Potion            |       |     2 |       ||     2
 Stab: Sleeping          |     1 |     2 |     1 ||     4
Armor: Robe              |    10 |     8 |       ||    18
       Skin              |     1 |     6 |     1 ||     8
Dodge: Dodged            |    50 |   190 |    25 ||   265

Levels and vault maps discovered:
D:1:      sevenhm_arrival_forest_fort_large_2, layout_loops_ring
D:2:      layout_rooms, uniq_natasha
D:3:      layout_rooms, lemuel_round_altar, ebering_ghost_rock_garden
D:4:      layout_cave_pools, uniq_crazy_yiuf_cottage
D:5:      layout_basic, mainiacjoe_overflow_24_doors, kennysheep_mini,
          minmay_temple_entry_statues_fountains, dilly_guarded_unrand_throatcut
Temple:   hellmonk_temple_of_storms

Notes
Turn   | Place    | Note
-------+----------+-------------------------------------------
     0 | D:1      | kae the Demonspawn Transmuter began the quest for the Orb.
     0 | D:1      | Reached XP level 1. HP: 15/15 MP: 3/3
     0 | D:1      | magus.rc [v1.11.3]
    82 | D:1      | Reached skill level 2 in Transmutations
   144 | D:1      | Gained mutation: You may rarely emit foul miasma when
                  | damaged in melee. [demonic ancestry]
   144 | D:1      | Reached XP level 2. HP: 21/21 MP: 3/5
   628 | D:1      | Reached skill level 3 in Unarmed Combat
   818 | D:1      | Learned a level 2 spell: Wereblood
   868 | D:1      | Reached XP level 3. HP: 25/26 MP: 6/6
   882 | D:1      | Learned a level 3 spell: Spider Form
  1025 | D:2      | Reached skill level 3 in Transmutations
  1102 | D:2      | Gained mutation: You have a somewhat thin skeletal
                  | structure. (Dex +2, Stealth+) [demonic ancestry]
  1102 | D:2      | Reached XP level 4. HP: 32/32 MP: 1/7
  1350 | D:2      | Noticed Natasha
  1362 | D:2      | Killed Natasha
  1497 | D:3      | You pick up a book of Spectacle and begin reading...
  1497 | D:3      | You add the spells Dazzling Flash, Iskenderun's Mystic
                  | Blast and Starburst to your library.
  1657 | D:3      | Gained mutation: You have a pair of small antennae on your
                  | head. [demonic ancestry]
  1657 | D:3      | Reached XP level 5. HP: 29/37 MP: 6/9
  1740 | D:3      | Found a shimmering altar of Xom.
  2108 | D:4      | Noticed a black bear
  2124 | D:4      | Killed a black bear
  2125 | D:4      | Reached skill level 3 in Spellcasting
  2125 | D:4      | Reached skill level 4 in Transmutations
  2125 | D:4      | Reached skill level 1 in Poison Magic
  2222 | D:3      | HP: 8/37 [orc/+0 flail (7)]
  2223 | D:3      | HP: 3/37 [orc/+0 flail (5)]
  2262 | D:4      | Gained mutation: You have a pair of antennae on your head.
                  | [demonic ancestry]
  2262 | D:4      | Reached XP level 6. HP: 22/43 MP: 7/10
  2395 | D:4      | HP: 10/43 [poisoned by a scorpion]
  2633 | D:3      | Reached skill level 4 in Unarmed Combat
  2663 | D:4      | Reached skill level 2 in Poison Magic
  3088 | D:4      | Found a runed translucent door.
  3089 | D:4      | Noticed Crazy Yiuf
  3176 | D:4      | Learned a level 4 spell: Ice Form
  3201 | D:5      | Entered Level 5 of the Dungeon
  3201 | D:5      | Found a staircase to the Ecumenical Temple.
  3210 | Temple   | Entered the Ecumenical Temple
  3372 | D:5      | Found a sacrificial altar of Ru.
  3392 | D:5      | Gained mutation: You have a pair of large antennae on your
                  | head. (SInv) [demonic ancestry]
  3392 | D:5      | Reached XP level 7. HP: 48/48 MP: 8/12
  3402 | D:5      | Became a worshipper of Ru the Awakened
  3522 | D:5      | Reached skill level 1 in Ice Magic
  3537 | D:5      | You pick up a book of Touch and begin reading...
  3537 | D:5      | You add the spells Kiss of Death, Confusing Touch and
                  | Dispel Undead to your library.
  3579 | D:5      | Found a hide-covered altar of Uskayaw.
  3651 | D:5      | HP: 11/48 [ice beast (4)]
  3651 | D:5      | Slain by an ice beast

Vanquished Creatures
  A black bear (D:4)
  2 scorpions
  4 orc priests
  A hound (D:5)
  2 iguanas (D:5)
  Natasha (D:2)
  5 adders
  3 gnolls (D:2)
  2 worms
  3 dart slugs
  12 orcs
  3 endoplasms
  3 giant cockroaches
  7 goblins
  11 hobgoblins
  3 jackals (D:4)
  3 kobolds
  7 quokkas
  4 ball pythons
  2 bats (D:3)
  2 frilled lizards
  7 rats
88 creatures vanquished.

Table legend:
 A = Non-vault XP
 B = Vault XP
 C = Vault XP percentage of total XP
 D = Non-vault monster count
 E = Vault monster count
 F = Vault count percentage of total count
                 A         B        C        D         E       F
            +---------+---------+-------+---------+---------+-------
      Total |     838 |      36 |   4.1 |      87 |       1 |   1.1
            +---------+---------+-------+---------+---------+-------
        D:1 |      51 |       0 |   0.0 |      21 |       0 |   0.0
        D:2 |      80 |      36 |  31.0 |      17 |       1 |   5.6
        D:3 |      82 |       0 |   0.0 |      19 |       0 |   0.0
        D:4 |     391 |       0 |   0.0 |      22 |       0 |   0.0
        D:5 |     234 |       0 |   0.0 |       8 |       0 |   0.0
            +---------+---------+-------+---------+---------+-------

Illustrated notes

Table legend:
 A = Kills in this place as a percentage of kills in entire the game.
 B = Kills by you in this place as a percentage of kills by you in the entire game.
 C = Kills by friends in this place as a percentage of kills by friends in the entire game.
 D = Other kills in this place as a percentage of other kills in the entire game.
 E = Experience gained in this place as a percentage of experience gained in the entire game.
 F = Experience gained in this place divided by the number of levels of this place that you have seen.
                   A       B       C       D       E      F
               +-------+-------+-------+-------+-------+----------------------
         Total | 100.0 | 100.0 |   N/A |   N/A | 100.0 | 145.7
       Dungeon | 100.0 | 100.0 |   N/A |   N/A | 100.0 | 174.8
               +-------+-------+-------+-------+-------+----------------------

Table legend: (Time is in decaauts)
 A = Elapsed time spent in this place.
 B = Non-inter-level travel time spent in this place.
 C = Inter-level travel time spent in this place.
 D = Time resting spent in this place.
 E = Time spent auto-exploring this place.
 F = Levels seen in this place.
 G = Mean time per level.
                   A        B        C        D        E       F      G
               +--------+--------+--------+--------+--------+-----+--------+
         Total |   3617 |   3508 |    109 |    206 |   2492 |   6 |  602.8 |
       Dungeon |   3577 |   3476 |    101 |    206 |   2470 |   5 |  715.4 |
        Temple |     40 |     33 |      7 |      0 |     22 |   1 |   40.0 |
               +--------+--------+--------+--------+--------+-----+--------+

Top non-repeatable levels by time:
     D:4: 1062 daAuts
     D:1: 913 daAuts
     D:3: 636 daAuts
     D:2: 558 daAuts
     D:5: 406 daAuts
  Temple: 40 daAuts
